AoeStats
← Random

Nomad

506561520Analyzed
4v4 RM · 19d ago on Sep 14, 2026· 19m 8s· 8 players
Game mode
Random Map
Map size
231×231
Population
200
Speed
Normal
Resources
Standard
Victory
Conquest
Starting age
Dark Age
Ending age
Imperial Age
RankedLock teamsTeams togetherTeam positionsShared explorationLock speedFull tech treeHidden civsTurbo modeCheats
Victory
Defeat
🇦🇷 Portuguese · Argentina
1677
+14
🇦🇷 Dravidians · Argentina
1676
+14
🇦🇷 Aztecs · Argentina
1650
+15
🇦🇷 Khitans · Argentina
1636
+16
🇹🇼 Poles · Taiwan
1702
-18
🇺🇸 Britons · United States
1644
-15
🇦🇷 Celts · Argentina
1605
-14
🇵🇪 Inca · Peru
1573
-12
gyNNNNN
4:35 Loom
12:31 Feudal Age
RománMás3
9:24 Loom
11:40 Feudal Age
14:12 Fletching
17:52 Padded Archer Armor
Lic. VELEZ Y VINO
4:57 Loom
12:57 Feudal Age
16:48 Castle Age
MUERE CACA
10:18 Loom
12:35 Feudal Age
16:25 Castle Age
15:13 Double-Bit Axe
15:43 Fishing Lines
16:06 Gold Mining
17:22 Bow Saw
18:17 Sanctity
Random
10:35 Loom
14:09 Feudal Age
15:23 Double-Bit Axe
17:07 Fletching
Yisaac
12:07 Feudal Age
16:45 Fletching
19:49 Castle Age
18:59 Padded Archer Armor
Kant be real
9:15 Loom
11:47 Feudal Age
12:21 Town Watch
13:57 Fletching
14:22 Padded Archer Armor
YiMia
5:59 Loom
12:41 Feudal Age
16:16 Forging
19:56 Castle Age
17:48 Double-Bit Axe
Connection lost

Rejoining the realm…

Still unreachable

The connection could not be restored.

Session expired

The server has moved on; the page needs a fresh start.